 Dungeon Crawl Stone Soup version 0.27-a0-901-g8736458e1e (webtiles) character file.

Game seed: 11095174138191510157

57 Bapho the Changer (level 4, -1/32 HPs)
             Began as a Merfolk Transmuter on Apr 6, 2021.
             Slain by a hobgoblin (2 damage)
             ... on level 3 of the Dungeon.
             The game lasted 00:03:04 (2168 turns).

Bapho the Changer (Merfolk Transmuter)              Turns: 2168, Time: 00:03:04

Health: -1/32      AC:  2    Str: 10    XL:     4   Next: 0%
Magic:  0/7        EV: 20    Int: 13    God:
Gold:   142        SH:  0    Dex: 19    Spells: 4/8 levels left

rFire    . . .     SeeInvis .     - Unarmed
rCold    . . .     Faith    .   (shield currently unavailable)
rNeg     . . .     Spirit   .   (armour currently unavailable)
rPois    x         Reflect  .   (helmet currently unavailable)
rElec    .         Harm     .   (cloak currently unavailable)
rCorr    .         Rampage  .   (gloves currently unavailable)
Will     .....                  (boots currently unavailable)
Stlth    ++........             (no amulet)
HPRegen  0.10/turn              (no ring)
MPRegen  0.10/turn              (no ring)

@: lethally poisoned (-1 -> -13), spider-form, very slightly contaminated
A: venomous fangs, tiny, (nimble swimmer 2), (mertail)
a: End Transformation


You were on level 3 of the Dungeon.
You were a venomous arachnid creature.
You visited 1 branch of the dungeon, and saw 3 of its levels.

You collected 142 gold pieces.

Inventory:

Missiles
 g - 2 stones (quivered)
Armour
 a - a +0 robe (melded)
Wands
 i - a wand of acid (12)
Scrolls
 c - a scroll of enchant weapon {unknown}
 d - a scroll of noise {unknown}
 e - a scroll of magic mapping {unknown}
 f - a scroll of teleportation {unknown}
 h - a scroll of amnesia
 l - a scroll of enchant armour {unknown}
 m - a scroll of vulnerability {unknown}
 n - a scroll of identify
Potions
 b - a potion of degeneration
 j - a potion of flight {unknown}
 k - a potion of curing {unknown}
 o - 3 potions of ambrosia {unknown}


   Skills:
 - Level 1.1 Fighting
 - Level 2.6 Dodging
 - Level 3.2 Unarmed Combat
 - Level 2.6 Spellcasting
 + Level 4.3 Transmutations
 + Level 1.5 Poison Magic


You had 4 spell levels left.
You knew the following spells:

 Your Spells              Type           Power      Damage    Failure   Level
a - Beastly Appendage     Tmut           24%        N/A       13%         1
b - Spider Form           Tmut/Pois      4%         N/A       43%         3

Your spell library contained the following spells:

 Spells                   Type           Power      Damage    Failure   Level
 Wereblood                Tmut           12%        N/A       17%         2
 Magic Dart               Conj           4%         1d3       45%         1
 Blink                    Tloc           N/A        N/A       58%         2
 Call Imp                 Summ           1%         N/A       58%         2
 Slow                     Hex            1%         N/A       58%         2
 Mephitic Cloud           Conj/Pois/Air  3%         N/A       73%         3
 Conjure Flame            Conj/Fire      1%         6-21      78%         3
 Ice Form                 Ice/Tmut       7%         N/A       86%         4
 Hydra Form               Tmut           6%         N/A       89%         5


Dungeon Overview and Level Annotations

Branches:
Dungeon (2/15)

Altars:


Innate Abilities, Weirdness & Mutations

You are a venomous arachnid creature.
You have poisonous fangs.
You are tiny and dextrous.
Your spellcasting is less reliable in this form.
Your armour is entirely melded.
You are incapable of wielding weapons or throwing items.
((You are quick and stealthy near water. (Stealth+, EV+, Speed+++)))
((Your lower body shifts to a powerful aquatic tail in water.))


Message History

Casting: Spider Form (extremely dangerous; 24% risk of failure)
Confirm with . or Enter, or press ? or * to list all spells.
The spell is extremely dangerous to cast (24% risk of failure)!
Continue anyway?
You turn into a venomous arachnid creature.
Your +0 robe melds into your body.
The adder bites you.
You are poisoned.
The adder poisons you! The adder misses you. The orc misses you.
You barely miss the adder.
You feel sick. The adder misses you. x2
The orc closely misses you. The hobgoblin misses you.
You hit the adder.
The adder is poisoned.
The adder is lightly wounded.
You feel sick. The adder barely misses you. The adder completely misses you.
The adder misses you.
You hit the adder.
The adder looks as sick as possible!
The adder is heavily wounded.
You feel sick. The hobgoblin misses you. The orc closely misses you.
The adder bites you. The adder closely misses you.
You hit the adder.
You kill the adder!
You feel sick. The adder misses you. The orc completely misses you.
The hobgoblin hits you. The adder closely misses you.
You have reached level 4!
You bite the adder!
The adder is poisoned.
The adder is severely wounded.
You feel sick. The hobgoblin misses you. The orc hits you with a +0 hand axe.
The adder closely misses you.
You barely miss the adder.
The adder is almost dead.
You feel sick. The hobgoblin closely misses you.
The orc hits you with a +0 hand axe.
* * * LOW HITPOINT WARNING * * *
The adder bites you.
* * * LOW HITPOINT WARNING * * *
You are lethally poisoned!
The adder poisons you!
Unknown command.
* * * LOW HITPOINT WARNING * * *
You feel very sick. The hobgoblin hits you.
You die...

#..≈≈........#
#.≈..≈.......##
≈≈≈..≈..≈≈...≈#
≈≈..≈..≈..≈..≈≈
≈...≈.⌠≈..≈..≈≈
≈..≈..≈⌠w≈...≈≈
≈..≈..≈o.≈..≈≈≈
≈.?.≈≈gS≈..≈≈≈#
#......s≈..≈.##
#....(...≈≈..#
#............#
..............#
####.#..#######
#...## #.##


You could see an adder (very poisoned), a dart slug, an orc and a hobgoblin.

Vanquished Creatures
  2 adders
  A worm (D:2)
  5 ball pythons
  5 endoplasms
  3 goblins
  A hobgoblin (D:1)
  4 jackals (D:2)
  3 kobolds
  2 quokkas (D:2)
  6 bats
  A frilled lizard (D:2)
  3 rats
36 creatures vanquished.

Notes
Turn   | Place    | Note
-------+----------+-------------------------------------------
     0 | D:1      | Bapho the Merfolk Transmuter began the quest for the Orb.
     0 | D:1      | Reached XP level 1. HP: 15/15 MP: 3/3
   219 | D:1      | Reached skill level 3 in Transmutations
   355 | D:1      | Reached XP level 2. HP: 19/21 MP: 5/5
   712 | D:1      | Found a faded altar of an unknown god.
  1327 | D:2      | Reached XP level 3. HP: 19/26 MP: 4/6
  1331 | D:2      | Learned a level 3 spell: Spider Form
  1804 | D:2      | Reached skill level 4 in Transmutations
  1915 | D:2      | Reached skill level 1 in Poison Magic
  2159 | D:2      | You fall into a shaft and drop 1 floor!
  2166 | D:3      | Reached XP level 4. HP: 15/32 MP: 0/7
  2168 | D:3      | HP: 1/32 [poisoned by an adder]
  2168 | D:3      | Slain by a hobgoblin

Illustrated notes

Levels and vault maps discovered:
D:1:      amcnicky_arrival_single_pillar, layout_loops_cross,
          ebering_ecumenical_altar_hall, minivault_5
D:2:      layout_loops_ring
D:3:      cheibrodos_helix_gallery, layout_loops_ring, serial_shops, shop

Skill      XL: |  1  2  3 |
---------------+----------+-----
Transmutations | 3 4 |  4.3
Poison Magic   | 1 |  1.5
Fighting       | |  1.1
Dodging        | |  2.6
Unarmed Combat | |  3.2
Spellcasting   | |  2.6

Action                   |  1- 3 |  4- 6 || total
-------------------------+-------+-------++-------
Melee: Unarmed           |    99 |     2 ||   101
       Headbutt          |    15 |       ||    15
       Punch             |     2 |       ||     2
Throw: Stone             |    16 |       ||    16
 Cast: Beastly Appendage |    19 |       ||    19
       Spider Form       |     1 |       ||     1
  Use: Scroll            |     2 |       ||     2
Armor: Robe              |    22 |       ||    22
Dodge: Dodged            |    70 |     3 ||    73

Table legend: (Time is in decaauts)
 A = Elapsed time spent in this place.
 B = Non-inter-level travel time spent in this place.
 C = Inter-level travel time spent in this place.
 D = Time resting spent in this place.
 E = Time spent auto-exploring this place.
 F = Levels seen in this place.
 G = Mean time per level.
                   A        B        C        D        E       F      G
               +--------+--------+--------+--------+--------+-----+--------+
         Total |   2163 |   2146 |     17 |      0 |   1908 |   3 |  721.0 |
       Dungeon |   2163 |   2146 |     17 |      0 |   1908 |   3 |  721.0 |
               +--------+--------+--------+--------+--------+-----+--------+

Top non-repeatable levels by time:
     D:1: 1149 daAuts
     D:2: 1005 daAuts
     D:3: 8 daAuts
